 Dungeon Crawl Stone Soup version 0.26.1-10-gdfb7c7de75 (webtiles) character file.

Game seed: 8474449676392051004

14545 sankara the Spear-Bearer (level 11, -2/101 HPs)
             Began as a Minotaur Fighter on Apr 7, 2021.
             Was an Elder of Yredelemnul.
             Engulfed by a cloud of freezing vapour (8 damage)
             ... in an ice cave.
             The game lasted 00:24:13 (10485 turns).

sankara the Spear-Bearer (Minotaur Fighter)        Turns: 10485, Time: 00:24:13

Health: -2/101     AC: 18    Str: 21    XL:     11   Next: 90%
Magic:  13/13      EV: 23    Int:  6    God:    Yredelemnul [****..]
Gold:   951        SH: 12    Dex: 12    Spells: 10/10 levels left

rFire    . . .     SeeInvis .   a - +1 trident (protect)
rCold    + . .     Faith    .   c - +0 kite shield
rNeg     . . .     Spirit   .   s - +0 chain mail
rPois    .         Reflect  .   (helmet restricted)
rElec    .         Harm     .   C - +0 cloak
rCorr    .         Rampage  .   (no gloves)
Will     .....                  r - +0 pair of boots
Stlth    ..........             S - amulet of the acrobat
HPRegen  0.26/turn              P - ring of protection from cold
MPRegen  0.13/turn              p - +4 ring of protection

@: acrobat, very slow
A: retaliatory headbutt, horns 2
a: Renounce Religion, Recall Undead Slaves, Injury Mirror, Animate Dead, Drain
Life


You were in an ice cave.
You worshipped Yredelemnul.
Yredelemnul was greatly pleased with you.
You visited 3 branches of the dungeon, and saw 11 of its levels.
You also visited: Ice Cave.

You collected 1133 gold pieces.
You spent 182 gold pieces at shops.

Inventory:

Hand Weapons
 a - a +1 trident of protection (weapon)
 b - the +9 dagger "Omelette" {vorpal, Str+3, unknown}
   (You found it in an ice cave)

   It inflicts extra damage upon your enemies.
   It affects your strength (+3).
 u - a +0 hunting sling
 N - a cursed +3 trident
Missiles
 h - 450 stones (quivered)
 y - 5 boomerangs of dispersal
 I - 51 sling bullets
 L - 4 boomerangs
Armour
 c - a +0 kite shield (worn)
 r - a +0 pair of boots (worn)
 s - a +0 chain mail (worn)
 C - a +0 cloak (worn)
Jewellery
 i - a +6 ring of strength
 p - a +4 ring of protection (right hand)
 J - an uncursed ring of stealth
 O - an uncursed ring of poison resistance
 P - a ring of protection from cold (left hand)
 S - an amulet of the acrobat (around neck)
 V - an uncursed ring of fire
Wands
 d - a wand of disintegration (16)
 n - a wand of random effects (11)
 x - a wand of enslavement (7)
 F - a wand of flame (10)
 Q - a wand of acid (9)
Scrolls
 f - 3 scrolls of teleportation
 g - 2 scrolls of enchant weapon
 o - 3 scrolls of amnesia
 q - 3 scrolls of magic mapping
 t - 5 scrolls of remove curse
 w - 3 scrolls of enchant armour
 D - 3 scrolls of blinking
 M - 2 scrolls of fear
 T - a scroll of fog
Potions
 e - 4 potions of brilliance
 j - a potion of resistance
 k - 2 potions of attraction
 l - 3 potions of heal wounds
 z - 9 potions of curing
 A - a potion of berserk rage
 B - 3 potions of flight
 E - a potion of ambrosia
 G - a potion of haste
 H - 2 potions of lignification


   Skills:
 + Level 10.6 Fighting
 + Level 13.6 Polearms
 + Level 1.4 Throwing
 + Level 10.6 Armour
 + Level 1.6 Dodging
 + Level 10.6 Shields
 + Level 4.8 Invocations


You had 10 spell levels left.
You didn't know any spells.
Your spell library contained the following spells:

 Spells                   Type           Power        Failure   Level
 Freeze                   Ice            0%           99%         1
 Magic Dart               Conj           0%           99%         1
 Blink                    Tloc           N/A          100%        2
 Call Imp                 Summ           0%           100%        2
 Ensorcelled Hibernation  Hex/Ice        0%           100%        2
 Slow                     Hex            0%           100%        2
 Confusing Touch          Hex            0%           100%        3
 Conjure Flame            Conj/Fire      0%           100%        3
 Frozen Ramparts          Ice            0%           100%        3
 Gell's Gravitas          Tloc           0%           100%        3
 Mephitic Cloud           Conj/Pois/Air  0%           100%        3
 Ozocubu's Armour         Ice            0%           100%        3
 Hailstorm                Conj/Ice       0%           100%        4
 Petrify                  Tmut/Erth      0%           100%        4
 Summon Ice Beast         Ice/Summ       0%           100%        4
 Borgnjor's Vile Clutch   Necr/Erth      0%           100%        5
 Metabolic Englaciation   Hex/Ice        0%           100%        5
 Silence                  Hex/Air        0%           100%        5
 Yara's Violent Unravell  Hex/Tmut       0%           100%        5
 Shadow Creatures         Summ           N/A          100%        6


Dungeon Overview and Level Annotations

Branches:
Dungeon (8/15)             Temple (1/1) D:6            Lair (2/6) D:8
  IceCv (1/1)
  Swamp: Lair:2-4    Shoals: Lair:2-4     Snake: Lair:2-4    Spider: Lair:2-4

Altars:
Ashenzari
Cheibriados
Dithmenos
Elyvilon
Fedhas
Gozag
Hepliaklqana
Kikubaaqudgha
Makhleb
Nemelex Xobeh
Okawaru
Qazlal
Ru
Sif Muna
Trog
Uskayaw
Vehumet
Wu Jian
Xom
Yredelemnul
Zin
The Shining One

Shops:
D:5 !=

Annotations:
D:5 1 runed translucent door, nightchill's ghost, novice GrIE IceCv exclusion: ice statue


Innate Abilities, Weirdness & Mutations

You reflexively headbutt those who attack you in melee.
You have a pair of horns on your head.


Message History

Aim: an ice statue (freezing vapour, severely damaged)
The ice beast is in the way.
You puncture the ice beast!
You headbutt the ice beast, but do no damage.
The ice beast is almost dead.
You are engulfed in freezing vapours.
You resist.
* * * LOW HITPOINT WARNING * * *
The ice beast hits you but does no damage.
The ice beast hits you.
* * * LOW HITPOINT WARNING * * *
The ice beast freezes you. You resist.
* * * LOW HITPOINT WARNING * * *
Unknown command.
You are engulfed in freezing vapours.
You resist. You block the ice beast's attack.
The ice beast completely misses you.
You enter the shallow water.
Moving in this stuff is going to be slow.
You are engulfed in freezing vapours.
You resist.
You die...
Your body rises from the dead as a mindless zombie.

##### ##...### ##
#...YY.## .
#..##...## #.
#.Y.##.Y.### .###
##..####...####...#
#####§Y####...##.8.#
##.##§#☼☼###..##...#
#.#..#☼@☼§##..# #..#
##.#.##§§##.Y####..#
#)#.##☼§##....#...##
#####..####.#....##
##.## ######## ##..#
#...## ##...# #...##


You could see 2 ice beasts.

Vanquished Creatures
  A hydra (Lair:1)
  A centaur warrior (D:8)
  A cyclops (D:8)
  An elephant (D:8)
  A cane toad (Lair:2)
  2 komodo dragons (Lair:1)
  4 polar bears (IceCv)
  Grinder (D:5)
  9 blink frogs (Lair:1)
  Sigmund (D:3)
  19 yaks
  5 humans (D:6)
  A wyvern (Lair:2)
  2 basilisks (D:8)
  Eustachio (D:6)
  A steam dragon (D:8)
  7 water moccasins
  3 ice beasts
  A black bear (D:7)
  2 phantoms
  2 ogres (D:5)
  9 wolves
  A centaur (D:5)
  10 bullfrogs
  2 scorpions
  An electric eel (Lair:1)
  13 wights
  A howler monkey (D:4)
  A quasit (D:7)
  3 orc priests (D:4)
  6 hounds
  A bullfrog skeleton (D:7)
  2 centaur skeletons
  A jelly (D:7)
  2 orc wizards (D:4)
  Jessica (D:3)
  3 iguanas
  7 worker ants
  Ijyb (D:3)
  2 killer bee zombies
  8 adders
  3 shadow imps
  14 white imps
  An ufetubus (D:7)
  An ooze (D:4)
  An adder zombie (D:8)
  2 adder skeletons (D:4)
  A worm (D:3)
  4 dart slugs
  4 leopard geckos
  12 orcs
  5 ball pythons
  6 giant cockroaches
  13 goblins
  10 hobgoblins
  4 jackals
  5 quokkas
  4 bats
  2 frilled lizards (D:4)
  7 kobolds
  A leopard gecko skeleton (D:2)
  A leopard gecko zombie (D:5)
  7 rats
249 creatures vanquished.

Vanquished Creatures (collateral kills)
  A cane toad (Lair:1)
  A blink frog (Lair:1)
  A yak (Lair:1)
  A water moccasin (Lair:1)
  A wolf (Lair:1)
  A wight (D:8)
6 creatures vanquished.

Vanquished Creatures (others)
  2 wolves (IceCv)
  4 wolf zombies
  3 blink frog zombies (Lair:1)
  2 water moccasin zombies (Lair:2)
  A cane toad zombie (Lair:1)
  6 yak zombies
  An adder zombie (D:8)
  A bullfrog zombie (D:8)
  A komodo dragon zombie (Lair:1)
  A worker ant zombie (D:8)
  7 fungi
  6 plants
35 creatures vanquished.

Grand Total: 290 creatures vanquished

Notes
Turn   | Place    | Note
-------+----------+-------------------------------------------
     0 | D:1      | sankara the Minotaur Fighter began the quest for the Orb.
     0 | D:1      | Reached XP level 1. HP: 19/19 MP: 0/0
   133 | D:1      | Reached XP level 2. HP: 27/27 MP: 1/1
   229 | D:1      | Reached skill level 3 in Polearms
   637 | D:1      | Reached XP level 3. HP: 33/33 MP: 2/2
  1223 | D:2      | Reached skill level 4 in Polearms
  1223 | D:2      | Reached XP level 4. HP: 40/40 MP: 3/3
  1725 | D:3      | Noticed Sigmund
  1732 | D:3      | Killed Sigmund
  1733 | D:3      | Reached skill level 5 in Polearms
  1733 | D:3      | Reached XP level 5. HP: 39/47 MP: 4/4
  1923 | D:3      | Reached XP level 6. HP: 55/55 MP: 5/5
  2016 | D:3      | Noticed Ijyb
  2023 | D:3      | Killed Ijyb
  2206 | D:3      | Noticed Jessica
  2213 | D:3      | Killed Jessica
  2214 | D:3      | Reached skill level 5 in Armour
  2214 | D:3      | Reached skill level 5 in Shields
  2584 | D:3      | Reached skill level 5 in Fighting
  2711 | D:4      | Reached skill level 6 in Polearms
  2711 | D:4      | Reached XP level 7. HP: 58/61 MP: 6/6
  3612 | D:5      | Entered Level 5 of the Dungeon
  3620 | D:5      | Reached skill level 7 in Polearms
  3684 | D:5      | Found Wihod's Jewellery Emporium.
  3859 | D:5      | Reached XP level 8. HP: 53/70 MP: 7/7
  3991 | D:5      | Noticed Grinder
  4000 | D:5      | Killed Grinder
  4141 | D:5      | Found Fugrep's Distillery.
  4147 | D:5      | Found a runed translucent door.
  4148 | D:5      | Bought a potion of haste for 140 gold pieces
  4148 | D:5      | Bought a potion of curing for 42 gold pieces
  4197 | D:5      | Reached skill level 8 in Polearms
  4422 | D:5      | Noticed nightchill's ghost (novice GrIE)
  4680 | D:6      | Found a staircase to the Ecumenical Temple.
  4737 | Temple   | Entered the Ecumenical Temple
  4945 | Temple   | Became a worshipper of Yredelemnul the Dark
  5012 | D:6      | Noticed Eustachio
  5029 | D:6      | Killed Eustachio
  5251 | D:6      | Reached skill level 9 in Polearms
  5310 | D:6      | Reached XP level 9. HP: 66/79 MP: 8/8
  5528 | D:5      | Reached skill level 10 in Polearms
  5901 | D:7      | Reached * piety under Yredelemnul
  6009 | D:7      | Found a glowing silver altar of Zin.
  6090 | D:7      | Found a burning altar of Makhleb.
  6094 | D:7      | Found a shimmering altar of Xom.
  6095 | D:7      | Found a white marble altar of Elyvilon.
  6097 | D:7      | Found a broken altar of Ashenzari.
  6097 | D:7      | Found a shadowy altar of Dithmenos.
  6097 | D:7      | Found a radiant altar of Vehumet.
  6097 | D:7      | Found a glowing golden altar of the Shining One.
  6100 | D:7      | Found a stormy altar of Qazlal.
  6101 | D:7      | Found a hazy altar of Hepliaklqana.
  6102 | D:7      | Found an iron altar of Okawaru.
  6200 | D:7      | Found a shimmering blue altar of Sif Muna.
  6481 | D:7      | Found an ancient bone altar of Kikubaaqudgha.
  6827 | D:8      | Noticed a centaur warrior
  6828 | D:8      | Noticed a cyclops
  6844 | D:8      | Killed a centaur warrior
  6845 | D:8      | Reached skill level 11 in Polearms
  6845 | D:8      | Reached XP level 10. HP: 73/90 MP: 9/9
  6847 | D:8      | Killed a cyclops
  6978 | D:8      | Reached ** piety under Yredelemnul
  7156 | D:8      | Found a staircase to the Lair.
  7156 | D:8      | Noticed an elephant
  7170 | D:8      | Killed an elephant
  7171 | D:8      | Reached skill level 1 in Invocations
  7322 | D:8      | Reached skill level 12 in Polearms
  7864 | Lair:1   | Entered Level 1 of the Lair of Beasts
  7950 | Lair:1   | Noticed a cane toad
  7956 | Lair:1   | Killed a cane toad
  8295 | Lair:1   | Reached XP level 11. HP: 99/99 MP: 12/12
  8366 | Lair:1   | Noticed a four-headed hydra
  8379 | Lair:1   | Killed a four-headed hydra
  8403 | Lair:1   | Reached skill level 10 in Fighting
  8836 | Lair:1   | Reached skill level 10 in Armour
  8836 | Lair:1   | Reached skill level 10 in Shields
  8842 | Lair:1   | Reached skill level 13 in Polearms
  8960 | Lair:1   | Reached *** piety under Yredelemnul
  9810 | Lair:2   | Reached skill level 1 in Throwing
  9884 | Lair:2   | Found a frozen archway.
  9896 | Lair:2   | Reached skill level 1 in Dodging
 10045 | IceCv    | Entered an ice cave
 10051 | IceCv    | Reached **** piety under Yredelemnul
 10405 | IceCv    | Got a jewelled dagger
 10464 | IceCv    | HP: 5/101 [ice beast[an ice statue] (2)]
 10464 | IceCv    | HP: 1/101 [ice beast[an ice statue] (4)]
 10485 | IceCv    | Engulfed by a cloud of freezing vapour

Illustrated notes

Levels and vault maps discovered:
D:1:      dpeg_arrival_rooms_a, layout_basic
D:2:      layout_basic, minmay_misc_feat_cross
D:3:      layout_loops_corners, uniq_ijyb, uniq_sigmund, uniq_jessica
D:4:      minmay_polygon_palace, layout_basic
D:5:      layout_loops_ring, ebering_ghost_inner_flame, serial_shops, shop,
          minivault_11, minmay_shop_grid_forest, uniq_grinder
D:6:      layout_loops_ring, minmay_temple_entry_statues, minmay_ruffians,
          uniq_eustachio
D:7:      layout_rooms, kiku_gazebo_pond_becter, minitemple,
          lemuel_coloured_pillars_altar, minmay_fractal_squares_5
D:8:      kennysheep_blocky_room, layout_basic, david_lair_generic
Temple:   chequers_temple_sunken
Lair:1:   layout_gridlike, lemuel_fruit_tree, grunt_megastairs_4
Lair:2:   layout_roguey, spider_nest_entry_rubble, portal_ice_cave_entry_imps,
          bobbens_dragon_lair_wall
IceCv:    ice_cave_caverns_02

Skill      XL: |  1  2  3  4  5  6  7  8  9 10 11 |
---------------+----------------------------------+-----
Polearms       | 3 4 5 6 7 9 11 12 13 | 13.6
Fighting       | 4 5 6 7 8 9 10 | 10.6
Armour         | 4 5 6 7 8 9 10 | 10.6
Shields        | 4 5 6 7 8 9 10 | 10.6
Invocations    | 2 4 |  4.8
Throwing       | 1 |  1.4
Dodging        | 1 |  1.6

Action                   |  1- 3 |  4- 6 |  7- 9 | 10-12 || total
-------------------------+-------+-------+-------+-------++-------
Melee: Trident           |    87 |   103 |   383 |   460 ||  1033
       Headbutt          |     7 |    14 |    72 |   115 ||   208
Invok: Animate Remains   |       |       |     4 |    15 ||    19
       Animate Dead      |       |       |       |     6 ||     6
  Use: Scroll            |       |       |     8 |    12 ||    20
       Potion            |       |       |     1 |       ||     1
 Stab: Distracted        |       |       |       |     1 ||     1
Armor: Scale mail        |    26 |       |       |       ||    26
       Chain mail        |     3 |    37 |   143 |   177 ||   360
Dodge: Dodged            |    11 |     7 |    70 |    70 ||   158
Block: Kite shield       |    33 |    41 |   168 |   226 ||   468
